| TOP OF THE 1ST |
|
Montreal Expos batting - Pitching for San Francisco Giants : RHP Tom Owens
|
|
Pitching: RHP Tom Owens
|
|
|
Batting: RHB Juan Villa
|
0-0: Ball 1-0: Swinging Strike 1-1: Fly out, F8 (Flyball, 89XD, EV 104.4 MPH)
|
|
Batting: SHB Garry Templeton
|
0-0: Ground out 5-3 (Groundball, 56, EV 83.8 MPH)
|
|
Batting: LHB Kirk Gibson
|
0-0: Ball 1-0: Foul Ball, location: 2F 1-1: Ball 2-1: Foul Ball, location: 2F 2-2: Strikes out swinging
|
| Top of the 1st over - 0 runs, 0 hits, 0 errors, 0 left on base; Montreal 0 - San Francisco 0 |
| BOTTOM OF THE 1ST |
|
San Francisco Giants batting - Pitching for Montreal Expos : LHP Frank Tanana
|
|
Pitching: LHP Frank Tanana
|
|
|
Batting: RHB Dickie Thon
|
0-0: Ball 1-0: Fly out, F7 (Flyball, 7S, EV 90.0 MPH)
|
|
Batting: SHB Larry Reynolds
|
0-0: Called Strike 0-1: Ground out 5-3 (Groundball, 56S, EV 68.8 MPH)
|
|
Batting: LHB Keith Hernandez
|
0-0: Swinging Strike 0-1: Called Strike 0-2: Foul Ball, location: 2F 0-2: SINGLE (Line Drive, 56D, EV 101.3 MPH)
|
|
Batting: RHB Phil Bailey
|
0-0: Ball Keith Hernandez steals 2nd base 1-0: Called Strike 1-1: Ball 2-1: Foul Ball, location: 2F 2-2: Ball 3-2: Foul Ball, location: 2F 3-2: Base on Balls
|
|
Batting: SHB Tyler O'Dell
|
0-0: Called Strike 0-1: DOUBLE (Line Drive, 89M, EV 105.6 MPH) Keith Hernandez scores Phil Bailey to third Runner from 3rd tries for Home, SAFE, throw by RF to trailing runner, SAFE at third!
|
|
Batting: LHB Milt May
|
0-0: Ball 1-0: Foul Ball, location: 2F 1-1: Ball 2-1: Foul Ball, location: 2F 2-2: Strikes out swinging
|
| Bottom of the 1st over - 2 runs, 2 hits, 0 errors, 1 left on base; Montreal 0 - San Francisco 2 |
| TOP OF THE 2ND |
|
Montreal Expos batting - Pitching for San Francisco Giants : RHP Tom Owens
|
|
Batting: LHB Duane Walker
|
0-0: Ball 1-0: Ball 2-0: Fly out, F9 (Flyball, 9S, EV 66.3 MPH)
|
|
Batting: LHB Guonçalo Fernandes
|
0-0: Swinging Strike 0-1: Called Strike 0-2: Ball 1-2: Fly out, F7 (Flyball, 7LS, EV 73.1 MPH)
|
|
Batting: LHB Ernesto Quevedo
|
0-0: Ground out 6-3 (Groundball, 6S, EV 70.0 MPH)
|
| Top of the 2nd over - 0 runs, 0 hits, 0 errors, 0 left on base; Montreal 0 - San Francisco 2 |
| BOTTOM OF THE 2ND |
|
San Francisco Giants batting - Pitching for Montreal Expos : LHP Frank Tanana
|
|
Batting: LHB Doug Frobel
|
0-0: Called Strike 0-1: Foul Ball, location: 2F 0-2: Fly out, F6 (Line Drive, 6, EV 65.6 MPH)
|
|
Batting: SHB Larry Milbourne
|
0-0: Ground out 6-3 (Groundball, 6, EV 81.9 MPH)
|
|
Batting: RHB Tom Owens
|
0-0: Called Strike 0-1: Ground out 5-3 (Groundball, 56S, EV 91.3 MPH)
|
| Bottom of the 2nd over - 0 runs, 0 hits, 0 errors, 0 left on base; Montreal 0 - San Francisco 2 |
| TOP OF THE 3RD |
|
Montreal Expos batting - Pitching for San Francisco Giants : RHP Tom Owens
|
|
Batting: SHB Biff Pocoroba
|
0-0: Ball 1-0: Ball 2-0: Called Strike 2-1: Called Strike 2-2: Ball 3-2: Reached via error on a dropped throw from 1B, E1 (Groundball, 34S, EV 87.5 MPH)
|
|
Batting: SHB Alex Ortiz
|
0-0: Called Strike 0-1: Foul Ball, location: 2F 0-2: Ball 1-2: SINGLE (Groundball, 4MD, EV 106.9 MPH) Biff Pocoroba to second Runner from 2nd tries for 3rd, SAFE, throw by CF made to third
|
|
Batting: LHB Frank Tanana
|
0-0: Ball 1-0: Ball Alex Ortiz steals 2nd, throwing error, E2 Biff Pocoroba scores Alex Ortiz to third 2-0: Called Strike 2-1: Foul Ball, location: 2F 2-2: Strikes out swinging
|
|
Batting: RHB Juan Villa
|
0-0: Ball 1-0: Ball 2-0: Ball 3-0: Called Strike 3-1: Called Strike 3-2: Base on Balls
|
|
Batting: SHB Garry Templeton
|
0-0: Ball Juan Villa steals 2nd base 1-0: Ball 2-0: Ground out 6-3 (Groundball, 56, EV 101.9 MPH) Alex Ortiz scores
|
|
Batting: LHB Kirk Gibson
|
0-0: Called Strike 0-1: Ball 1-1: Foul Ball, location: 2F 1-2: Strikes out swinging
|
| Top of the 3rd over - 2 runs, 1 hit, 2 errors, 1 left on base; Montreal 2 - San Francisco 2 |
| BOTTOM OF THE 3RD |
|
San Francisco Giants batting - Pitching for Montreal Expos : LHP Frank Tanana
|
|
Batting: RHB Dickie Thon
|
0-0: Called Strike 0-1: Foul Ball, location: 2F 0-2: Ground out 4-3 (Groundball, 4, EV 78.1 MPH)
|
|
Batting: SHB Larry Reynolds
|
0-0: Ball 1-0: Swinging Strike 1-1: Bunt for hit to P - play at first, batter OUT! 1-3
|
|
Batting: LHB Keith Hernandez
|
0-0: Ball 1-0: SINGLE (Groundball, 6S, EV 73.8 MPH) (infield hit)
|
|
Batting: RHB Phil Bailey
|
0-0: Swinging Strike 0-1: Fly out, F8 (Line Drive, 8RM, EV 95.0 MPH)
|
| Bottom of the 3rd over - 0 runs, 1 hit, 0 errors, 1 left on base; Montreal 2 - San Francisco 2 |
| TOP OF THE 4TH |
|
Montreal Expos batting - Pitching for San Francisco Giants : RHP Tom Owens
|
|
Batting: LHB Duane Walker
|
0-0: Ball 1-0: Swinging Strike 1-1: Ball 2-1: Ball 3-1: Foul Ball, location: 2F 3-2: Strikes out swinging
|
|
Batting: LHB Guonçalo Fernandes
|
0-0: Ball 1-0: Ball 2-0: Foul Ball, location: 2F 2-1: Foul Ball, location: 2F 2-2: Ball 3-2: SINGLE (Line Drive, 4MD, EV 100.0 MPH)
|
|
Batting: LHB Ernesto Quevedo
|
0-0: Ball 1-0: Fielders Choice at 2nd, 4-6 (Groundball, 4, EV 78.8 MPH)
|
|
Batting: SHB Biff Pocoroba
|
0-0: Ball 1-0: Swinging Strike 1-1: Ball 2-1: Ball 3-1: Called Strike 3-2: Base on Balls Ernesto Quevedo to second
|
|
Batting: SHB Alex Ortiz
|
0-0: Foul Ball, location: 2F 0-1: Ball 1-1: Ball 2-1: Foul Ball, location: 2F 2-2: Hit by Pitch Ernesto Quevedo to third Biff Pocoroba to second
|
|
Batting: LHB Frank Tanana
|
0-0: Ball 1-0: Called Strike 1-1: Ball 2-1: Foul Ball, location: 2F 2-2: Ball 3-2: Strikes out swinging
|
| Top of the 4th over - 0 runs, 1 hit, 0 errors, 3 left on base; Montreal 2 - San Francisco 2 |
| BOTTOM OF THE 4TH |
|
San Francisco Giants batting - Pitching for Montreal Expos : LHP Frank Tanana
|
|
Batting: SHB Tyler O'Dell
|
0-0: Ball 1-0: Foul Ball, location: 2F 1-1: Foul Ball, location: 2F 1-2: Ball 2-2: Ground out 5-3 (Groundball, 56S, EV 86.3 MPH)
|
|
Batting: LHB Milt May
|
0-0: Ball 1-0: Ball 2-0: Called Strike 2-1: Ball 3-1: Called Strike 3-2: Fly out, F9 (Line Drive, 9, EV 93.1 MPH)
|
|
Batting: LHB Doug Frobel
|
0-0: Foul Ball, location: 2F 0-1: Foul Ball, location: 2F 0-2: Ground out 4-3 (Groundball, 4, EV 78.8 MPH)
|
| Bottom of the 4th over - 0 runs, 0 hits, 0 errors, 0 left on base; Montreal 2 - San Francisco 2 |
| TOP OF THE 5TH |
|
Montreal Expos batting - Pitching for San Francisco Giants : RHP Tom Owens
|
|
Pitching: RHP Dave Ford
|
|
|
Batting: RHB Juan Villa
|
0-0: Called Strike 0-1: Ball 1-1: Foul Ball, location: 2F 1-2: Ground out 6-3 (Groundball, 6M, EV 83.1 MPH)
|
|
Batting: SHB Garry Templeton
|
0-0: Ball 1-0: SINGLE (Groundball, 3S, EV 66.3 MPH) (infield hit)
|
|
Batting: LHB Kirk Gibson
|
0-0: Called Strike 0-1: Ball 1-1: Ball Garry Templeton steals 2nd base (no throw) 2-1: TRIPLE (Groundball, 3L, EV 101.9 MPH) Garry Templeton scores
|
|
Batting: LHB Duane Walker
|
0-0: Ball 1-0: Ground out 4-3 (Groundball, 4, EV 95.0 MPH) Kirk Gibson scores
|
|
Batting: LHB Guonçalo Fernandes
|
0-0: Called Strike 0-1: Ball 1-1: Ball 2-1: Ground out 5-3 (Groundball, 5L, EV 101.3 MPH)
|
| Top of the 5th over - 2 runs, 2 hits, 0 errors, 0 left on base; Montreal 4 - San Francisco 2 |
| BOTTOM OF THE 5TH |
|
San Francisco Giants batting - Pitching for Montreal Expos : LHP Frank Tanana
|
|
Pitching: RHP Terry Leach
|
|
|
Batting: SHB Larry Milbourne
|
0-0: Foul Ball, location: 2F 0-1: Foul Ball, location: 2F 0-2: Fly out, F7 (Flyball, 7, EV 77.5 MPH)
|
|
Batting: RHB Dave Ford
|
0-0: Ball 1-0: Swinging Strike 1-1: Ground out 4-3 (Groundball, 4, EV 83.1 MPH)
|
|
Batting: RHB Dickie Thon
|
0-0: Ball 1-0: Foul Ball, location: 2F 1-1: Ground out 6-3 (Groundball, 6, EV 105.0 MPH)
|
| Bottom of the 5th over - 0 runs, 0 hits, 0 errors, 0 left on base; Montreal 4 - San Francisco 2 |
| TOP OF THE 6TH |
|
Montreal Expos batting - Pitching for San Francisco Giants : RHP Dave Ford
|
|
Batting: LHB Ernesto Quevedo
|
0-0: Called Strike 0-1: Called Strike 0-2: Ball 1-2: Ball 2-2: Ball 3-2: Foul Ball, location: 2F 3-2: Reached on error, E8 (Flyball, 8LD, EV 87.5 MPH)
|
|
Batting: SHB Biff Pocoroba
|
0-0: Swinging Strike 0-1: Foul Ball, location: 2F 0-2: Fly out, F7 (Line Drive, 7D, EV 91.3 MPH) Runner from 2nd tags up, SAFE at 3rd, no throw by LF
|
|
Batting: SHB Alex Ortiz
|
0-0: Ball 1-0: Ball 2-0: Ball 3-0: Called Strike 3-1: Called Strike 3-2: SINGLE (Line Drive, 7S, EV 105.6 MPH) Ernesto Quevedo scores
|
|
Batting: RHB Terry Leach
|
0-0: Ball Alex Ortiz is caught stealing 2nd base 2-4 1-0: Ground out U3 (Groundball, 34, EV 81.9 MPH)
|
| Top of the 6th over - 1 run, 1 hit, 1 error, 0 left on base; Montreal 5 - San Francisco 2 |
| BOTTOM OF THE 6TH |
|
San Francisco Giants batting - Pitching for Montreal Expos : RHP Terry Leach
|
|
Batting: SHB Larry Reynolds
|
0-0: Ground out 1-3 (Groundball, P, EV 68.8 MPH)
|
|
Batting: LHB Keith Hernandez
|
0-0: Ball 1-0: Ball 2-0: SINGLE (Line Drive, 6D, EV 98.8 MPH)
|
|
Batting: RHB Phil Bailey
|
0-0: Called Strike 0-1: Foul Ball, location: 2F 0-2: Ball 1-2: Ball 2-2: Foul Ball, location: 2F 2-2: 2-RUN HOME RUN (Flyball, 7D, EV 101.9 MPH), Distance : 374 ft
|
|
Batting: SHB Tyler O'Dell
|
0-0: Ball 1-0: Called Strike 1-1: Foul Ball, location: 2F 1-2: Ball 2-2: Ground out 2-3 (Groundball, 2R, EV 65.0 MPH)
|
|
Batting: LHB Milt May
|
0-0: Ball 1-0: Ball 2-0: Ball 3-0: Called Strike 3-1: Ground out U3 (Groundball, 34, EV 104.4 MPH)
|
| Bottom of the 6th over - 2 runs, 2 hits, 0 errors, 0 left on base; Montreal 5 - San Francisco 4 |
| TOP OF THE 7TH |
|
Montreal Expos batting - Pitching for San Francisco Giants : RHP Dave Ford
|
|
Pitching: RHP Wayne Twitchell
|
|
|
Pinch Hitting: LHB Gary Rajsich
|
0-0: Ball 1-0: Called Strike 1-1: SINGLE (Groundball, 56D, EV 99.4 MPH)
|
|
Batting: SHB Garry Templeton
|
0-0: Called Strike 0-1: Fly out, F7 (Flyball, 78XD, EV 101.9 MPH)
|
|
Pinch Hitting: RHB Luis Sanchez
|
0-0: Ball Gary Rajsich steals 2nd base 1-0: Swinging Strike 1-1: Fly out, F4 (Popup, 3S, EV 78.1 MPH)
|
|
Pinch Hitting: RHB Dave Winfield
|
0-0: Called Strike 0-1: Ball 1-1: Swinging Strike 1-2: Ball 2-2: Strikes out swinging
|
| Top of the 7th over - 0 runs, 1 hit, 0 errors, 1 left on base; Montreal 5 - San Francisco 4 |
| BOTTOM OF THE 7TH |
|
San Francisco Giants batting - Pitching for Montreal Expos : RHP Terry Leach
|
|
Now at 1B: Philip Klimas
|
|
|
Now in CF: Gary Rajsich
|
|
|
Now in RF: Luis Sanchez
|
|
|
Batting: LHB Doug Frobel
|
0-0: Foul Ball, location: 2F 0-1: Ball 1-1: SINGLE (Line Drive, 5D, EV 96.3 MPH)
|
|
Pinch Hitting: SHB Kevin Bass
|
0-0: Foul Ball, location: 2F 0-1: Ball 1-1: Swinging Strike 1-2: Grounds into double play, 4-6-3 (Groundball, 4, EV 100.0 MPH)
|
|
Pinch Hitting: RHB Billy L Smith
|
0-0: SOLO HOME RUN (Flyball, 7LD, EV 96.3 MPH), Distance : 367 ft
|
|
Pitching: RHP Ed Whitson
|
|
|
Batting: RHB Dickie Thon
|
0-0: Swinging Strike 0-1: Called Strike 0-2: Ball 1-2: Strikes out looking
|
| Bottom of the 7th over - 1 run, 2 hits, 0 errors, 0 left on base; Montreal 5 - San Francisco 5 |
| TOP OF THE 8TH |
|
Montreal Expos batting - Pitching for San Francisco Giants : RHP Wayne Twitchell
|
|
Pitching: RHP Ross Davis
|
|
|
Now in RF: Kevin Bass
|
|
|
Pinch Hitting: SHB George D Wright
|
0-0: Ball 1-0: SINGLE (Groundball, 6M, EV 102.5 MPH) (infield hit)
|
|
Pinch Hitting: LHB Timnothy Meyer
|
0-0: Ball 1-0: Ball 2-0: Ball 3-0: SINGLE (Line Drive, 8RS, EV 86.3 MPH) George D Wright to second Runner from 2nd tries for 3rd, SAFE, no throw by CF
|
|
Pinch Hitting: RHB Jaeden Rose
|
0-0: Called Strike 0-1: Ball 1-1: Ball 2-1: Ball 3-1: SINGLE (Flyball, 3D, EV 86.3 MPH) George D Wright scores Timnothy Meyer to second Runner from 2nd tries for 3rd, SAFE, no throw by RF
|
|
Batting: SHB Alex Ortiz
|
0-0: Ball 1-0: Swinging Strike 1-1: SINGLE (Groundball, 34, EV 102.5 MPH) Timnothy Meyer scores Jaeden Rose to second Runner from 2nd tries for 3rd, OUT! 9-5
|
|
Pinch Hitting: RHB Dale Murphy
|
0-0: Called Strike 0-1: Foul Ball, location: 2F 0-2: Ball 1-2: Ground out U3 (Groundball, 34S, EV 62.5 MPH) Alex Ortiz to second
|
|
Batting: LHB Gary Rajsich
|
0-0: Called Strike 0-1: Swinging Strike 0-2: Strikes out looking
|
| Top of the 8th over - 2 runs, 4 hits, 0 errors, 1 left on base; Montreal 7 - San Francisco 5 |
| BOTTOM OF THE 8TH |
|
San Francisco Giants batting - Pitching for Montreal Expos : RHP Ed Whitson
|
|
Pitching: RHP John Stuper
|
|
|
Now at C: Orlando Sanchez
|
|
|
Now at 1B: Dale Murphy
|
|
|
Now in LF: George D Wright
|
|
|
Pinch Hitting: RHB Kevin Howard
|
0-0: Fly out, F8 (Flyball, 8LM, EV 95.0 MPH)
|
|
Batting: LHB Keith Hernandez
|
0-0: Ball 1-0: Called Strike 1-1: Swinging Strike 1-2: Fly out, F6 (Line Drive, 6, EV 67.5 MPH)
|
|
Batting: RHB Phil Bailey
|
0-0: Called Strike 0-1: Foul Ball, location: 2F 0-2: Ground out 4-3 (Groundball, 4S, EV 78.1 MPH)
|
| Bottom of the 8th over - 0 runs, 0 hits, 0 errors, 0 left on base; Montreal 7 - San Francisco 5 |
| TOP OF THE 9TH |
|
Montreal Expos batting - Pitching for San Francisco Giants : RHP Ross Davis
|
|
Now at 2B: Kevin Howard
|
|
|
Batting: SHB Garry Templeton
|
0-0: Ground out 6-3 (Groundball, 6, EV 85.6 MPH)
|
|
Batting: RHB Luis Sanchez
|
0-0: Ball 1-0: Foul Ball, location: 2F 1-1: Fly out, F8 (Flyball, 89D, EV 92.5 MPH)
|
|
Batting: RHB Philip Klimas
|
0-0: Ball 1-0: DOUBLE (Line Drive, 8RXD, EV 105.0 MPH)
|
|
Batting: SHB George D Wright
|
0-0: Called Strike 0-1: Ball 1-1: Foul Ball, location: 2F 1-2: SINGLE (Groundball, 6MD, EV 103.8 MPH) Philip Klimas to third Runner from 3rd tries for Home, SAFE, throw by CF to home
|
|
Batting: LHB Orlando Sanchez
|
0-0: Ball George D Wright steals 2nd base 1-0: Ball 2-0: Called Strike 2-1: Swinging Strike 2-2: Strikes out looking
|
| Top of the 9th over - 1 run, 2 hits, 0 errors, 1 left on base; Montreal 8 - San Francisco 5 |
| BOTTOM OF THE 9TH |
|
San Francisco Giants batting - Pitching for Montreal Expos : RHP John Stuper
|
|
Batting: SHB Tyler O'Dell
|
0-0: Ball 1-0: Foul Ball, location: 2F 1-1: Foul Ball, location: 2F 1-2: Fly out, F6 (Flyball, 6D, EV 74.4 MPH)
|
|
Pinch Hitting: LHB James Durrman
|
0-0: Ball 1-0: Ball 2-0: Ball 3-0: Called Strike 3-1: SINGLE (Groundball, 34D, EV 96.9 MPH)
|
|
Pinch Hitting: LHB Ken Griffey Sr
|
0-0: Ball 1-0: Foul Ball, location: 2F 1-1: Foul Ball, location: 2F 1-2: Fielders Choice at 2nd, 1-6 (Groundball, 13S, EV 76.3 MPH)
|
|
Batting: SHB Kevin Bass
|
0-0: Ball 1-0: Ground out 6-3 (Groundball, 6D, EV 91.9 MPH)
|
| Bottom of the 9th over - 0 runs, 1 hit, 0 errors, 1 left on base; Montreal 8 - San Francisco 5 |
|